 Dungeon Crawl Stone Soup version 0.26.0-3-g156281e41b (webtiles) character file.

Game seed: 3009154065252056836

220141 DearestLeader the Executioner (level 18, -6/161 HPs)
             Began as a Minotaur Gladiator on Jan 8, 2021.
             Was the Champion of Okawaru.
             Mangled by a redback (7 damage)
             ... on level 4 of the Spider Nest on Jan 9, 2021.
             The game lasted 01:47:20 (44719 turns).

DearestLeader the Executioner (Minotaur Gladiator) Turns: 44719, Time: 01:47:20

Health: -6/161     AC: 17    Str: 28    XL:     18   Next: 46%
Magic:  24/24      EV: 13    Int:  5    God:    Okawaru [******]
Gold:   3106       SH:  0    Dex: 11    Spells: 17/17 levels left

rFire    + . .     SeeInvis .   t - +9 executioner's axe of Indomitability {spect, rElec rN++ Will++}
rCold    + . .     Faith    .   (shield currently unavailable)
rNeg     + + .     Spirit   .   Y - +3 plate armour {rC+}
rPois    +         Reflect  +   c - +0 hat
rElec    +         Harm     .   O - +2 cloak
rCorr    .         Rampage  .   u - +0 pair of gloves
Will     +++..                  W - +2 pair of boots
Stlth    ..........             b - amulet of reflection
HPRegen  0.36/turn              s - ring of poison resistance
MPRegen  0.19/turn              g - ring "Datsij" {+Fly rF+ Slay+3 Stlth+}

@: confused, lethally poisoned (-6 -> -35), corroded, berserk cooldown, very
slightly contaminated, slowed, studying Bows, invisible, very slow
A: retaliatory headbutt, horns 2
}: 1/15 runes: decaying
a: Renounce Religion, Evoke Flight, Heroism, Finesse


You were on level 4 of the Spider Nest.
You worshipped Okawaru.
Okawaru was exalted by your worship.
You visited 5 branches of the dungeon, and saw 31 of its levels.
You also visited: Gauntlet and Volcano.

You collected 3509 gold pieces.
You spent 403 gold pieces at shops.

Inventory:

Hand Weapons
 t - the +9 executioner's axe of Indomitability (weapon) {spect, rElec rN++ Will++}
   (Okawaru gifted it to you on level 13 of the Dungeon)

   It retains the spirit of the tree from which it was made.
   In the hands of one skilled in evocations this spirit is drawn out to fight
   along side the wielder.
   It insulates you from electricity.
   It greatly protects you from negative energy.
   It affects your willpower, your defense against some magical effects.
 B - a +4 battleaxe of flaming
 D - a +3 longbow of flaming
Missiles
 d - 8 throwing nets (quivered)
 l - 227 arrows
Armour
 c - a +0 hat (worn)
 u - a +0 pair of gloves (worn)
 O - a +2 cloak (worn)
 W - a +2 pair of boots (worn)
 Y - a +3 plate armour of cold resistance (worn)
Jewellery
 b - an amulet of reflection (around neck)
 g - the ring "Datsij" (right hand) {+Fly rF+ Slay+3 Stlth+}
   (You found it on level 14 of the Dungeon)

   [ring of flight]

   It affects your accuracy and damage with ranged weapons and melee attacks
   (+3).
   It protects you from fire.
   It lets you fly.
   It makes you more stealthy.
 m - an uncursed ring of protection from fire
 s - a ring of poison resistance (left hand)
 y - the ring "Ofusud" {rF+ rC- rN+ Str+2}
   (You found it on level 11 of the Dungeon)

   [ring of protection from fire]

   It affects your strength (+2).
   It protects you from fire.
   It makes you vulnerable to cold.
   It protects you from negative energy.
 E - an uncursed amulet of guardian spirit
 M - an uncursed ring of protection from fire
 V - an uncursed ring of positive energy
 Z - the ring of Plog {*Tele *Corrode rF+++ rC+++ Dex-3}
   (You found it in a Gauntlet)

   [ring of teleportation]

   It may teleport you next to monsters.
   It affects your dexterity (-3).
   It renders you almost immune to fire.
   It renders you almost immune to cold.
   It may corrode you when you take damage.
Wands
 j - a wand of iceblast (39)
 w - a wand of random effects (49)
 F - a wand of acid (8)
 K - a wand of paralysis (15)
 L - a wand of polymorph (33)
 N - a wand of digging (4)
Scrolls
 a - a scroll of holy word
 e - 4 scrolls of teleportation
 f - a scroll of identify
 i - 5 scrolls of amnesia
 n - 3 scrolls of blinking
 x - 5 scrolls of fear
 C - 4 scrolls of magic mapping
 J - 2 scrolls of summoning
 P - a scroll of silence
 T - a scroll of enchant armour
 U - 6 scrolls of fog
 X - a scroll of remove curse
Potions
 k - 8 potions of flight
 o - 8 potions of curing
 q - 5 potions of brilliance
 r - 3 potions of might
 v - a potion of resistance {unknown}
 z - 3 potions of magic
 A - 3 potions of haste
 G - 3 potions of invisibility
 H - 4 potions of degeneration {unknown}
 I - 3 potions of berserk rage
 Q - 6 potions of ambrosia
 R - 2 potions of cancellation {unknown}
Books
 h - a manual of Bows
Miscellaneous
 p - a lightning rod (4/4)


   Skills:
 + Level 14.5 Fighting
 * Level 21.9 Axes
 * Level 17.7 Bows
 - Level 2.0 Throwing
 + Level 16.2 Armour
 + Level 11.7 Dodging
 - Level 3.2 Shields
 - Level 10.0 Invocations


You had 17 spell levels left.
You didn't know any spells.
Your spell library contained the following spells:

 Spells                   Type           Power        Failure   Level
 Apportation              Tloc           0%           96%         1
 Corona                   Hex            0%           96%         1
 Freeze                   Ice            0%           96%         1
 Summon Small Mammal      Summ           0%           96%         1
 Call Imp                 Summ           0%           99%         2
 Ensorcelled Hibernation  Hex/Ice        0%           99%         2
 Call Canine Familiar     Summ           0%           100%        3
 Confusing Touch          Hex            0%           100%        3
 Dazzling Flash           Conj/Hex       0%           100%        3
 Frozen Ramparts          Ice            0%           100%        3
 Gell's Gravitas          Tloc           0%           100%        3
 Lesser Beckoning         Tloc           0%           100%        3
 Ozocubu's Armour         Ice            0%           100%        3
 Static Discharge         Conj/Air       0%           100%        3
 Summon Guardian Golem    Hex/Summ       0%           100%        3
 Tukima's Dance           Hex            0%           100%        3
 Hailstorm                Conj/Ice       0%           100%        4
 Petrify                  Tmut/Erth      0%           100%        4
 Summon Ice Beast         Ice/Summ       0%           100%        4
 Summon Lightning Spire   Summ/Air       0%           100%        4
 Alistair's Intoxication  Tmut/Pois      0%           100%        5
 Bolt of Magma            Conj/Fire/Erth 0%           100%        5
 Irradiate                Conj/Tmut      0%           100%        5
 Iskenderun's Battlesphe  Conj           0%           100%        5
 Lightning Bolt           Conj/Air       0%           100%        5
 Metabolic Englaciation   Hex/Ice        0%           100%        5
 Yara's Violent Unravell  Hex/Tmut       0%           100%        5
 Hydra Form               Tmut           0%           100%        6
 Invisibility             Hex            0%           100%        6
 Iron Shot                Conj/Erth      0%           100%        6
 Statue Form              Tmut/Erth      0%           100%        6
 Dragon Form              Tmut           0%           100%        7
 Orb of Destruction       Conj           0%           100%        7
 Spellforged Servitor     Conj/Summ      0%           100%        7
 Ignition                 Fire           0%           100%        8
 Shatter                  Erth           0%           100%        9
 Tornado                  Air            0%           100%        9


Dungeon Overview and Level Annotations

Branches:
Dungeon (15/15)            Temple (0/1) D:5            Lair (6/6) D:10
  Swamp (4/4) Lair:3       Spider (4/4) Lair:4        Slime (0/5) Lair:6
    Orc (2/2) D:10            Elf (0/3) Orc:2        Vaults (0/5) D:13
 Depths (0/5) D:15        Volcano (visited)         Gauntlet (visited)

Altars:
Ashenzari
Dithmenos
Elyvilon
Okawaru
Ru
Sif Muna
Uskayaw
Xom
Zin
The Shining One
Jiyva

Shops:
Orc:1 (   Orc:2 !?}[

Portals:
Trove: D:10 (give 4 potions of resistance)

Annotations:
Lair:3 exclusion: oklob plant
Lair:6 1 runed translucent door
Spider:4 Nikola


Innate Abilities, Weirdness & Mutations

You reflexively headbutt those who attack you in melee.
You have a pair of horns on your head.


Message History

* * * LOW HITPOINT WARNING * * *
The wolf spider bites you but does no damage.
The redback bites you!
* * * LOW HITPOINT WARNING * * *
You are very lightly contaminated with residual magic.
You feel much better.
The tarantella bites you but does no damage.
The redback closely misses you. The redback bites you!
* * * LOW HITPOINT WARNING * * *
You are lethally poisoned!
The redback poisons you!
The tarantella bites you but does no damage.
The wolf spider hits you!
* * * LOW HITPOINT WARNING * * *
The wolf spider bites you!
* * * LOW HITPOINT WARNING * * *
The redback completely misses you. The tarantella barely misses you.
The redback bites you but does no damage.
The redback bites you!
You die...

..#^. .####...#
##.... ^....... #
#.....##........#
......#..#.(.....
...#.#......#.[.#
.........#.....##
....#.s.s.......####
..#^.s@#.†........#
......sss...^.#...#
.#....ss.†.#.^....#
#......?#..^....§#
..(.......#?..†.###
...s^.....#....<^#
..#.#.###.^)#.†.##
^..s.......^....#
....#..§..†....#


You could see a demonic crawler, a wolf spider, an orb spider, a jumping spider
(wandering), 2 tarantellas and 4 redbacks.

Vanquished Creatures
  Mara (Spider:3)
  Rupert (D:15)
  Kirke (D:14)
  A thorn hunter (Swamp:4)
  Agnes (D:14)
  Donald (Swamp:2)
  3 ghost moths
  An orc warlord (Orc:2)
  An emperor scorpion (Spider:1)
  The ghost of generaletaddeo the Devastator, a journeyman TeCj of Vehumet (Orc:2)
  6 entropy weavers
  Azrael (D:14)
  3 dire elephants
  A minotaur (Gauntlet)
  A bunyip (Swamp:4)
  3 eleionomae
  2 spark wasps
  A shambling mangrove (Swamp:2)
  An ettin (D:15)
  Snorg (D:11)
  A fire dragon (D:15)
  2 ghost crabs
  27 hydras
  Harold (D:10)
  A catoblepas (Lair:6)
  3 centaur warriors
  8 boulder beetles
  Erica (D:10)
  A death knight (D:14)
  6 two-headed ogres
  A merfolk avatar (Lair:6)
  6 alligators
  An ogre mage (D:13)
  3 orc high priests (Orc:2)
  A dancing weapon (Orc:2)
  A death yak (Lair:5)
  A hell knight (D:15)
  2 tengu warriors (D:15)
  2 spriggans
  5 skeletal warriors
  A deep elf knight (D:15)
  3 goliath frogs (Swamp:3)
  A sea snake (Lair:6)
  A wizard (Gauntlet)
  2 spriggan druids (Swamp:4)
  An unseen horror (D:15)
  14 swamp dragons
  5 lindwurms
  6 bog bodies
  4 orc knights (Orc:2)
  An anaconda skeleton (Volcano)
  8 orb spiders
  14 ugly things
  A manticore (Lair:6)
  31 wolf spiders
  6 orc sorcerers (Orc:2)
  3 cyclopes
  7 will-o-the-wisps
  3 centaur zombies
  Maurice (Orc:1)
  7 black mambas
  23 elephants
  Psyche (D:10)
  5 gargoyles
  30 cane toads
  2 efreet
  9 rime drakes
  7 yaktaurs
  17 demonic crawlers
  3 freezing wraiths (D:14)
  13 komodo dragons
  A queen bee (Gauntlet)
  2 polar bears
  37 jumping spiders
  5 tyrant leeches
  5 trolls
  9 blink frogs
  6 dream sheep (Lair:5)
  13 hornets
  3 flying skulls (Volcano)
  5 shadows
  81 redbacks
  2 water elementals (D:13)
  33 tarantellas
  6 wyverns
  An alligator skeleton (Volcano)
  2 basilisks
  5 wraiths
  45 yaks
  4 fire elementals (D:14)
  Grum (D:8)
  5 hogs (D:14)
  2 vampire mosquitoes (D:14)
  4 wargs
  3 hell hounds (D:14)
  3 acid dragons
  A soldier ant (D:11)
  18 swamp worms
  18 water moccasins
  8 swamp drakes
  9 black bears
  5 ice beasts
  4 phantoms
  5 necrophages (Lair:4)
  3 eyes of draining
  22 orc warriors
  2 sky beasts
  A boggart (D:13)
  10 ogres
  17 wolves
  8 centaurs
  2 big kobolds (D:13)
  14 bullfrogs
  A wyvern skeleton (D:12)
  3 troll zombies (D:10)
  4 scorpions
  18 killer bees
  A troll skeleton (Volcano)
  15 wights
  11 electric eels
  3 howler monkeys
  2 bullfrog zombies
  A quasit (D:8)
  6 hounds
  21 orc priests
  7 jellies
  23 orc wizards
  8 bullfrog skeletons
  4 centaur skeletons
  3 iguanas
  9 worker ants
  A killer bee zombie (D:7)
  3 ogre zombies (D:10)
  2 naga skeletons (Volcano)
  A hound skeleton (D:8)
  3 worker ant zombies
  4 gnolls (D:3)
  10 adders
  4 shadow imps
  6 white imps
  2 ufetubi
  2 adder skeletons
  2 adder zombies
  6 worms
  2 dart slugs (D:1)
  8 leopard geckos
  70 orcs
  11 giant cockroaches
  5 goblins
  5 hobgoblins
  17 jackals
  12 kobolds
  A quokka (D:10)
  5 bats
  6 frilled lizards
  A goblin zombie (D:10)
  A hobgoblin skeleton (D:10)
  3 hobgoblin zombies (D:10)
  2 orc skeletons (D:10)
  12 orc zombies (D:10)
  9 rats
1122 creatures vanquished.

Vanquished Creatures (others)
  An alligator (Swamp:1)
  A yaktaur (D:15)
  A bloated husk (Swamp:4)
  A redback (Spider:4)
  5 demonic plants (Gauntlet)
  30 foxfires
  85 fungi
  126 plants
250 creatures vanquished.

Grand Total: 1372 creatures vanquished

Notes
Turn   | Place    | Note
-------+----------+-------------------------------------------
     0 | D:1      | DearestLeader the Minotaur Gladiator began the quest for
                  | the Orb.
     0 | D:1      | Reached XP level 1. HP: 18/18 MP: 0/0
    28 | D:1      | Reached skill level 4 in Axes
    39 | D:1      | Reached XP level 2. HP: 10/25 MP: 1/1
  1058 | D:2      | Reached XP level 3. HP: 30/30 MP: 2/2
  1095 | D:2      | Reached skill level 1 in Armour
  1219 | D:2      | Reached skill level 5 in Axes
  1474 | D:2      | Found an iron altar of Okawaru.
  1483 | D:2      | Became a worshipper of Warmaster Okawaru
  1824 | D:3      | Reached XP level 4. HP: 38/38 MP: 3/3
  1844 | D:3      | Found a sacrificial altar of Ru.
  2113 | D:3      | Reached skill level 1 in Invocations
  2118 | D:3      | Reached XP level 5. HP: 19/45 MP: 4/4
  2415 | D:4      | Reached skill level 6 in Axes
  2779 | D:4      | Reached * piety under Okawaru
  2780 | D:4      | Reached XP level 6. HP: 51/51 MP: 6/6
  2885 | D:4      | Reached skill level 7 in Axes
  3470 | D:5      | Entered Level 5 of the Dungeon
  3620 | D:5      | Reached XP level 7. HP: 57/57 MP: 8/8
  3650 | D:5      | Found a hide-covered altar of Uskayaw.
  3960 | D:5      | Found a glowing golden altar of the Shining One.
  4028 | D:5      | Found a staircase to the Ecumenical Temple.
  4151 | D:5      | Found a white marble altar of Elyvilon.
  4428 | D:6      | Reached skill level 8 in Axes
  4710 | D:6      | Noticed an angel
  4711 | D:6      | Found a glowing silver altar of Zin.
  4784 | D:6      | Reached ** piety under Okawaru
  4785 | D:6      | Reached XP level 8. HP: 66/67 MP: 9/9
  4927 | D:6      | Reached skill level 5 in Armour
  4984 | D:6      | Reached skill level 9 in Axes
  5239 | D:6      | Found a shimmering blue altar of Sif Muna.
  5463 | D:7      | Reached skill level 5 in Fighting
  5836 | D:7      | Reached *** piety under Okawaru
  5851 | D:7      | Reached skill level 10 in Axes
  6096 | D:7      | Reached skill level 5 in Invocations
  6104 | D:7      | Reached XP level 9. HP: 40/74 MP: 11/11
  6129 | D:7      | Reached skill level 11 in Axes
  6271 | D:7      | Reached **** piety under Okawaru
  6920 | D:8      | Noticed Grum
  6930 | D:8      | Killed Grum
  7188 | D:8      | Reached skill level 12 in Axes
  7458 | D:8      | Received a gift from Okawaru
  7801 | D:9      | Reached XP level 10. HP: 81/81 MP: 13/13
  7844 | D:9      | Reached ***** piety under Okawaru
  8494 | D:10     | Entered Level 10 of the Dungeon
  8728 | D:10     | Found a staircase to the Orcish Mines.
  8741 | D:10     | Reached skill level 13 in Axes
  9098 | D:10     | Noticed Erica
  9116 | D:10     | Killed Erica
  9212 | D:10     | Noticed Psyche
  9221 | D:10     | Killed Psyche
  9221 | D:10     | Received a gift from Okawaru
  9493 | D:10     | Found a staircase to the Lair.
  9696 | D:10     | Reached skill level 14 in Axes
  9791 | D:10     | Reached XP level 11. HP: 71/86 MP: 16/16
  9867 | D:10     | Noticed Harold
  9876 | D:10     | Killed Harold
  9876 | D:10     | Reached ****** piety under Okawaru
 10087 | D:10     | Found a portal to a secret trove of treasure.
 10274 | Lair:1   | Entered Level 1 of the Lair of Beasts
 10314 | Lair:1   | Noticed an eight-headed hydra
 10316 | Lair:1   | an eight-headed hydra changed into something unseen
 10325 | Lair:1   | Killed a ghost moth
 10325 | Lair:1   | Received a gift from Okawaru
 10326 | Lair:1   | Reached skill level 10 in Armour
 10326 | Lair:1   | Found a gate leading to a gauntlet.
 10367 | Gauntlet | Entered a Gauntlet
 10367 | Gauntlet | Found a transporter.
 10414 | Gauntlet | Noticed a wizard
 10607 | Gauntlet | Found a transporter.
 10609 | Gauntlet | Found a transporter.
 10621 | Gauntlet | Found a transporter.
 10634 | Gauntlet | Found a transporter.
 10636 | Gauntlet | Found a large runed translucent door.
 10636 | Gauntlet | Found a large runed translucent door.
 10637 | Gauntlet | Found a large runed translucent door.
 10637 | Gauntlet | Found a large runed translucent door.
 10638 | Gauntlet | Found a large runed translucent door.
 10638 | Gauntlet | Found a large runed translucent door.
 10638 | Gauntlet | Found a runed translucent door.
 10638 | Gauntlet | Found a runed translucent door.
 10638 | Gauntlet | Found a large runed translucent door.
 10638 | Gauntlet | Found a large runed translucent door.
 10639 | Gauntlet | Found a large runed translucent door.
 10639 | Gauntlet | Found a large runed translucent door.
 10641 | Gauntlet | Found a transporter.
 10644 | Gauntlet | Noticed a wolf spider
 10661 | Gauntlet | Found a transporter.
 10672 | Gauntlet | Found a large runed translucent door.
 10673 | Gauntlet | Found a large runed translucent door.
 10674 | Gauntlet | Found a large runed translucent door.
 10675 | Gauntlet | Found a runed translucent gate.
 10676 | Gauntlet | Found a transporter.
 10676 | Gauntlet | Found a runed translucent gate.
 10677 | Gauntlet | Found a runed translucent gate.
 10677 | Gauntlet | Noticed a death ooze
 10678 | Gauntlet | Found a large runed translucent door.
 10679 | Gauntlet | Found a large runed translucent door.
 10680 | Gauntlet | Found a large runed translucent door.
 10687 | Gauntlet | Noticed a wretched star
 10688 | Gauntlet | Found a transporter.
 10696 | Gauntlet | Noticed a sixfirhy
 10697 | Gauntlet | Noticed a sixfirhy
 10700 | Gauntlet | Found a transporter.
 10706 | Gauntlet | Noticed a sixfirhy
 10712 | Gauntlet | Found a transporter.
 10724 | Gauntlet | Found a transporter.
 10726 | Gauntlet | Noticed a dire elephant
 10741 | Gauntlet | Found a transporter.
 10758 | Gauntlet | Found a transporter.
 10760 | Gauntlet | Found a transporter.
 10803 | Gauntlet | Found a transporter.
 10803 | Gauntlet | Found a transporter.
 10812 | Gauntlet | Found a transporter.
 10873 | Gauntlet | Killed a wizard
 10873 | Gauntlet | Received a gift from Okawaru
 10893 | Gauntlet | Got a dazzling ring mail
 10991 | Gauntlet | Killed a dire elephant
 10991 | Gauntlet | Received a gift from Okawaru
 10997 | Gauntlet | Reached skill level 15 in Axes
 11022 | Gauntlet | Got a transparent steel ring
 11024 | Gauntlet | Identified the ring of Plog {*Tele *Corrode rF+++ rC+++
                  | Dex-3} (You found it in a Gauntlet)
 11270 | Gauntlet | Noticed a minotaur
 11290 | Gauntlet | Killed a minotaur
 11775 | Lair:1   | You fall into a shaft and drop 1 floor!
 12090 | Lair:1   | Noticed a five-headed hydra
 12497 | Lair:2   | Reached XP level 12. HP: 87/100 MP: 17/17
 13167 | Lair:2   | Noticed a five-headed hydra
 13174 | Lair:2   | Killed a five-headed hydra
 13233 | Lair:2   | Noticed a five-headed hydra
 13241 | Lair:2   | Killed a five-headed hydra
 13241 | Lair:2   | Received a gift from Okawaru
 13242 | Lair:2   | Reached skill level 1 in Bows
 13979 | Lair:1   | Killed a five-headed hydra
 13980 | Lair:1   | Reached skill level 16 in Axes
 14287 | Lair:1   | Reached skill level 1 in Shields
 14604 | Lair:3   | Noticed a six-headed hydra
 14610 | Lair:3   | Noticed a five-headed hydra
 14654 | Lair:3   | Found a dark tunnel.
 14659 | Volcano  | Entered a volcano
 15528 | Lair:3   | Killed a three-headed hydra
 15528 | Lair:3   | Received a gift from Okawaru
 15590 | Lair:3   | Reached skill level 10 in Invocations
 15643 | Lair:3   | Reached skill level 5 in Bows
 15771 | Lair:3   | Noticed a five-headed hydra
 15779 | Lair:3   | Killed a one-headed hydra
 15780 | Lair:3   | Reached XP level 13. HP: 87/110 MP: 19/19
 16096 | Lair:3   | Found a staircase to the Swamp.
 16868 | Lair:4   | Received a gift from Okawaru
 16871 | Lair:4   | Got a translucent chain mail {god gift}
 16881 | Lair:4   | Identified the +2 chain mail of Qehyn {+Inv +Fly Str+8}
                  | (Okawaru gifted it to you on level 4 of the Lair of Beasts)
 16939 | Lair:4   | Reached skill level 17 in Axes
 17959 | Lair:4   | Found a hole to the Spider Nest.
 18286 | Lair:4   | Reached skill level 5 in Dodging
 18879 | Lair:5   | Reached skill level 10 in Fighting
 19313 | Lair:5   | Received a gift from Okawaru
 19323 | Lair:5   | Reached XP level 14. HP: 78/121 MP: 20/20
 20443 | Lair:6   | Entered Level 6 of the Lair of Beasts
 20662 | Lair:6   | Received a gift from Okawaru
 20665 | Lair:6   | Got an iridescent short sword {god gift}
 20665 | Lair:6   | Identified the +0 short sword of Icwa Zon {flame, +Rage
                  | rElec rN+} (Okawaru gifted it to you on level 6 of the Lair
                  | of Beasts)
 20773 | Lair:6   | Reached skill level 18 in Axes
 22514 | Lair:6   | Found a broken altar of Ashenzari.
 22545 | Lair:6   | Received a gift from Okawaru
 22549 | Lair:6   | Reached skill level 10 in Bows
 22841 | Lair:6   | Found a runed translucent door.
 23238 | Lair:6   | Found a viscous altar of Jiyva.
 23238 | Lair:6   | Noticed an acid blob
 23239 | Lair:6   | Found a staircase to the Slime Pits.
 23239 | Lair:6   | Noticed an acid blob
 23239 | Lair:6   | Noticed an acid blob
 23239 | Lair:6   | Noticed an acid blob
 24124 | Orc:1    | Entered Level 1 of the Orcish Mines
 24240 | Orc:1    | Found Yzodor's Weapon Shop.
 24408 | Orc:2    | Entered Level 2 of the Orcish Mines
 24423 | Orc:1    | Noticed Maurice
 24431 | Orc:1    | Killed Maurice
 24467 | Orc:1    | Reached XP level 15. HP: 130/130 MP: 21/21
 24857 | Orc:2    | Found a runed translucent door.
 24859 | Orc:2    | Found a shimmering altar of Xom.
 24859 | Orc:2    | Noticed generaletaddeo's ghost (journeyman TeCj)
 25118 | Orc:2    | Noticed an orc warlord
 25140 | Orc:2    | Killed an orc warlord
 25380 | Orc:2    | Found a staircase to the Elven Halls.
 25571 | Orc:2    | Found Oquh Fen's Armour Shoppe.
 25573 | Orc:2    | Received a gift from Okawaru
 25884 | Orc:2    | Found Adiedgh's Gadget Boutique.
 25889 | Orc:2    | Found Zeraidy's Magic Scroll Boutique.
 25891 | Orc:2    | Found Oblaud's Distillery.
 25897 | Orc:2    | Bought a scroll of enchant weapon for 105 gold pieces
 25897 | Orc:2    | Bought a scroll of fog for 28 gold pieces
 25899 | Orc:2    | Bought a potion of heal wounds for 90 gold pieces
 25899 | Orc:2    | Bought a potion of heal wounds for 90 gold pieces
 25899 | Orc:2    | Bought a potion of heal wounds for 90 gold pieces
 26168 | Orc:2    | Killed generaletaddeo's ghost
 26169 | Orc:2    | Reached skill level 19 in Axes
 26329 | D:11     | Found a broken altar of Ashenzari.
 26491 | D:11     | Got a twitching iron ring
 26562 | D:11     | Identified the ring "Ofusud" {rF+ rC- rN+ Str+2} (You found
                  | it on level 11 of the Dungeon)
 26698 | D:11     | Received a gift from Okawaru
 26701 | D:11     | Got a warped longbow {god gift}
 26701 | D:11     | Identified the +1 longbow of the Imperium {flame, +Blink
                  | rElec Stlth+} (Okawaru gifted it to you on level 11 of the
                  | Dungeon)
 26790 | D:11     | Noticed Snorg
 26797 | D:11     | Killed Snorg
 28550 | D:13     | Received a gift from Okawaru
 28853 | D:13     | Found a gate to the Vaults.
 28902 | D:13     | Received a gift from Okawaru
 28908 | D:13     | Got a translucent executioner's axe {god gift}
 28908 | D:13     | Identified the +9 executioner's axe of Indomitability
                  | {spect, rElec rN++ Will++} (Okawaru gifted it to you on
                  | level 13 of the Dungeon)
 29706 | D:14     | Got a wavering glass ring
 29708 | D:14     | Identified the ring "Datsij" {+Fly rF+ Slay+3 Stlth+} (You
                  | found it on level 14 of the Dungeon)
 29809 | D:14     | Noticed Kirke
 29827 | D:14     | Noticed a sphinx
 30155 | D:14     | Killed Kirke
 30384 | D:14     | Reached XP level 16. HP: 124/139 MP: 22/22
 30574 | D:14     | Noticed Azrael
 30592 | D:14     | Killed Azrael
 30863 | D:14     | Noticed Agnes
 30870 | D:14     | Killed Agnes
 30870 | D:14     | Received a gift from Okawaru
 31554 | D:15     | Entered Level 15 of the Dungeon
 32046 | D:15     | Found a staircase to the Depths.
 32080 | D:15     | Reached skill level 20 in Axes
 32220 | D:15     | Received a gift from Okawaru
 32230 | D:15     | Found a shadowy altar of Dithmenos.
 32446 | D:15     | Noticed Rupert
 32455 | D:15     | Killed Rupert
 32455 | D:15     | Received a gift from Okawaru
 33174 | Swamp:1  | Entered Level 1 of the Swamp
 33637 | Swamp:1  | Got a steaming bone ring
 33639 | Swamp:1  | Identified the ring "Hiprumi" {+Inv Will- rCorr Str+4} (You
                  | found it on level 1 of the Swamp)
 34564 | Swamp:2  | Upgraded the game from 0.26-b1-57-gb162d0664a to
                  | 0.26.0-3-g156281e41b
 34569 | Swamp:2  | Reached skill level 10 in Dodging
 34871 | Swamp:2  | Noticed Donald
 34889 | Swamp:2  | Killed Donald
 34889 | Swamp:2  | Received a gift from Okawaru
 34890 | Swamp:2  | Reached skill level 15 in Armour
 34894 | Swamp:2  | Identified a scroll of acquirement
 34895 | Swamp:2  | Acquired a manual of Bows
 36724 | Swamp:3  | Reached XP level 17. HP: 145/150 MP: 23/23
 36828 | Swamp:4  | Entered Level 4 of the Swamp
 37278 | Swamp:4  | Received a gift from Okawaru
 37816 | Swamp:4  | Reached skill level 15 in Bows
 38326 | Swamp:4  | Got a decaying rune of Zot
 38947 | Spider:1 | Entered Level 1 of the Spider Nest
 38971 | Spider:1 | Reached skill level 21 in Axes
 40742 | Spider:2 | Received a gift from Okawaru
 40743 | Spider:2 | Found the +2 robe of Vines {NoPotionHeal Regen+7}
 42469 | Spider:3 | Noticed Mara
 42795 | Spider:2 | Reached XP level 18. HP: 60/160 MP: 24/24
 43862 | Spider:3 | Noticed DearestLeader's illusion
 43869 | Spider:3 | Killed Mara
 43869 | Spider:3 | Received a gift from Okawaru
 44621 | Spider:4 | Entered Level 4 of the Spider Nest
 44625 | Spider:4 | Noticed Nikola
 44719 | Spider:4 | HP: 1/161 [wolf spider (8)]
 44719 | Spider:4 | Mangled by a redback

Illustrated notes

Levels and vault maps discovered:
D:1:      psy_arrival_terrarium, layout_basic, serial_park_tiny_pond
D:2:      layout_loops_cross, overflow_temple_1_default
D:3:      layout_rooms, general_overflow_altar
D:4:      layout_loops_cross
D:5:      layout_loops_cross, kennysheep_mini_moat, marbit_many_paths,
          old_standard_altar, lemuel_temple_firewalk_b
D:6:      layout_loops_corners, zin_angel, minmay_misc_feat_ornament, tgw_sif
D:7:      layout_basic, grunt_potential
D:8:      layout_loops_ring, uniq_grum
D:9:      layout_layer_cave
D:10:     layout_irregular_city, grunt_lair_entry_orc_guard_hut,
          zombieorc1_lemuel, nicolae_trove_entry_diagonal,
          kennysheep_generic_room_16, uniq_psyche, uniq_erica, uniq_harold
D:11:     layout_loops_ring, basic_altar, uniq_snorg
D:12:     layout_roguey
D:13:     layout_basic, hangedman_vaults_entry_quadrant_bands,
          hangedman_decor_growths
D:14:     layout_roguey, hangedman_abyss_or_decor_clamps, uniq_kirke,
          uniq_agnes, uniq_azrael
D:15:     hangedman_depths_entry_civil_slaughter, layout_cave_pods,
          nicolae_dithmenos_shadow_blocks, uniq_rupert
Lair:1:   statuecave_lemuel, layout_misc_corridors, gauntlet_entry_generic,
          grunt_megastairs_3
Lair:2:   layout_hall_layers, nicolae_lair_grove_arrangements,
          infiniplex_staircase_pool, serial_bayou_shore_b
Lair:3:   layout_cave_pods, swamp_mist, nicolae_volcano_entry_lava_flow,
          minivault_25, lemuel_fruit_tree, minmay_lair_oklob_chamber,
          grunt_megastairs_2, serial_bayou_shore_b
Lair:4:   layout_long_grid, nicolae_spider_entry_tight_spaces,
          roderic_carrion_pond
Lair:5:   cheibrodos_lair_overgrown_chateau, layout_hall_layers,
          hangedman_lair_generics_rect
Lair:6:   gammafunk_lair_ancient_temple, layout_cave_pods, slime_altar_2,
          basic_altar
Swamp:1:  layout_basic_swamp, evilmike_swamp_ruin_house_2
Swamp:2:  layout_falls_marsh, evilmike_swamp_ruin_house_5, uniq_donald
Swamp:3:  layout_basic_swamp, evilmike_swamp_ruin_house_4,
          hangedman_swamp_diagram
Swamp:4:  swamp_alternative, layout_basic_swamp, swamp_pool2,
          infiniplex_staircase_pool_2
Spider:1: layout_spider_delve
Spider:2: layout_spider_delve, nicolae_spider_cling_halls
Spider:3: layout_spider_delve, nicolae_spider_nook, uniq_mara
Spider:4: grunt_spider_rune_circles, uniq_nikola
Orc:1:    layout_diamond_mine, serial_shops, shop_fountains, uniq_maurice
Orc:2:    st_orc_elflike, layout_caves, ebering_ghost_xom

Skill      XL: |  1  2  3  4  5  6  7  8  9 10 11 12 13 14 15 16 17 18 |
---------------+-------------------------------------------------------+-----
Axes           | 4 5 6 7 8 10 12 14 15 16 17 18 19 20 21 | 21.9
Armour         | 1 2 3 4 6 8 9 11 12 13 14 15 16 | 16.2
Fighting       | 3 4 5 7 8 10 11 12 13 14 | 14.5
Invocations    | 1 2 3 5 6 8 9 10 | 10.0
Bows           | 5 8 10 12 14 16 17 | 17.7
Shields        | 3 |  3.2
Dodging        | 5 7 8 10 11 | 11.7
Throwing       | |  2.0

Action                   |  1- 3 |  4- 6 |  7- 9 | 10-12 | 13-15 | 16-18 || total
-------------------------+-------+-------+-------+-------+-------+-------++-------
Melee: War axe           |    91 |   124 |   225 |   253 |       |       ||   693
       Headbutt          |    19 |    19 |    39 |   100 |   196 |   103 ||   476
       Broad axe         |       |       |       |   129 |       |       ||   129
       Punch             |       |       |       |     2 |       |       ||     2
       Battleaxe         |       |       |       |    32 |   806 |    22 ||   860
       Executioner's axe |       |       |       |       |    16 |   375 ||   391
       Unarmed           |       |       |       |       |    14 |       ||    14
 Fire: Shortbow          |       |       |       |    28 |    12 |       ||    40
       Longbow           |       |       |       |       |   228 |   723 ||   951
Throw: Dart              |       |       |    13 |     1 |       |       ||    14
       Javelin           |       |       |       |     1 |     3 |       ||     4
Invok: Heroism           |       |       |       |     4 |     4 |     1 ||     9
       Finesse           |       |       |       |     3 |     3 |     1 ||     7
Evoke: Wand              |       |       |     4 |     8 |     6 |       ||    18
  Use: Potion            |       |     2 |     1 |     4 |     2 |     6 ||    15
       Scroll            |       |     7 |     1 |    13 |     7 |    10 ||    38
 Stab: Petrifying        |       |       |       |       |     1 |       ||     1
       Petrified         |       |       |       |       |     1 |       ||     1
Armor: Leather armour    |     3 |       |       |       |       |       ||     3
       Ring mail         |    16 |       |       |       |       |       ||    16
       Plate armour      |    28 |    91 |   167 |   313 |   541 |   778 ||  1918
       Skin              |       |    18 |       |       |       |       ||    18
Dodge: Dodged            |    47 |    51 |   113 |   189 |   362 |   569 ||  1331
Block: Buckler           |       |       |       |     1 |       |       ||     1
       Other             |       |       |       |       |    24 |   185 ||   209
       Reflection        |       |       |       |       |     7 |     7 ||    14
